 Dungeon Crawl Stone Soup version 0.31.0-2-g5a2aebc5c2 (webtiles) character file.

Game seed: 7114233443134310340

714 Ofeo the Apothecary (level 7, -14/46 HPs)
             Began as a Demonspawn Alchemist on Jan 21, 2024.
             Was a Believer of Uskayaw.
             Demolished by Prince Ribbit (17 damage)
             ... on level 5 of the Dungeon.
             The game lasted 00:08:57 (4957 turns).

Ofeo the Apothecary (Demonspawn Alchemist)          Turns: 4957, Time: 00:08:58

Health: -14/46     AC:  2    Str: 11    XL:     7   Next: 41%
Magic:  7/13       EV: 15    Int: 17    God:    Uskayaw [**....]
Gold:   249        SH:  0    Dex: 14    Spells: 4/14 levels left

rFire   . . .        c - +2 sling (elec)
rCold   x . .        e - orb "Tiadywk" {mayhem, rC- Str+3 Hexes Ice}
rNeg    . . .        a - +0 robe
rPois   .            (no helmet)
rElec   .            (no cloak)
rCorr   .            (no gloves)
SInv    .            (no boots)
Will    .....        (no amulet)
Stlth   ++           (no ring)
HPRegen 0.27/turn    (no ring)
MPRegen 0.13/turn

%: mayhem
@: mighty, lethally poisoned (-14 -> -15), very slightly contaminated
A: hooves 1, repulsion field 1, foul stench 1, powered by pain 2
a: Renounce Religion, Stomp, Line Pass


You were on level 5 of the Dungeon.
You worshipped Uskayaw.
Uskayaw was noncommittal.
You visited 1 branch of the dungeon, and saw 5 of its levels.

You collected 249 gold pieces.

Inventory:

Hand Weapons
 c - a +2 sling of electrocution (weapon)
Missiles
 p - 2 throwing nets
Armour
 a - a +0 robe (worn)
 e - the orb "Tiadywk" (worn) {mayhem, rC- Str+3 Hexes Ice}
   (You found it on level 2 of the Dungeon)

   Str+3:     It affects your strength (+3).
   rC-:       It makes you vulnerable to cold.
   Hexes:     It increases the power of your Hexes spells.
   Ice:       It increases the power of your Ice spells.
Magical Staves
 b - a staff of air
Wands
 h - a wand of flame (40)
 n - a wand of paralysis (4)
Scrolls
 d - a scroll of immolation
 k - a scroll of poison {unknown}
 l - 2 scrolls of teleportation {unknown}
 o - a scroll of identify {unknown}
Potions
 f - 4 potions of brilliance {unknown}
 g - 3 potions of enlightenment {unknown}
 i - 2 potions of mutation {unknown}
 j - a potion of degeneration {unknown}
 m - a potion of haste {unknown}
 R - 3 potions of berserk rage


   Skills:
 - Level 3.0 Dodging
 - Level 3.3 Stealth
 + Level 4.1 Spellcasting
 + Level 4.1 Conjurations
 + Level 5.0 Alchemy


You had 4 spell levels left.
You knew the following spells:

 Your Spells              Type           Power      Damage    Failure   Level
a - Sting                 Conj/Alch      76%        1d7       2%          1
b - Mercury Vapours       Alch/Air       24%        N/A       9%          2
c - Mephitic Cloud        Conj/Alch/Air  13%        N/A       13%         3
d - Olgreb's Toxic Radia  Alch           20%        N/A       19%         4

Your spell library contained the following spells:

 Spells                   Type           Power      Damage    Failure   Level
 Lesser Beckoning         Tloc           6%         N/A       24%         2
 Fulminant Prism          Conj/Alch      9%         3d7       24%         4
 Gell's Gravitas          Tloc           3%         N/A       43%         3
 Teleport Other           Tloc           3%         N/A       43%         3
 Leda's Liquefaction      Alch/Erth      6%         N/A       47%         4
 Sticky Flame             Fire/Alch      12%        2d5       47%         4
 Irradiate                Conj/Alch      9%         3d14      54%         5


Dungeon Overview and Level Annotations

Branches:
Dungeon (5/15)
 Temple: D:4-7

Altars:
Ashenzari
Okawaru
Uskayaw
Vehumet

Shops:
D:1 =

Annotations:
D:5 Prince Ribbit


Innate Abilities, Weirdness & Mutations

You have large cloven feet.
You are surrounded by a mild repulsion field. (EV +2)
You may rarely emit foul miasma when damaged in melee.
You sometimes gain power by taking damage.


Message History

Casting: Mephitic Cloud (dangerous; 13% risk of failure)
Confirm with . or Enter, or press ? or * to list all spells.
Okay, then.
Casting: Mephitic Cloud (dangerous; 13% risk of failure)
Confirm with . or Enter, or press ? or * to list all spells.
You miscast Olgreb's Toxic Radiance.
You are very lightly contaminated with residual magic.
Parts of your body briefly turn golden.
You are poisoned.
You feel sick.
Prince Ribbit is engulfed in noxious fumes.
Prince Ribbit appears confused.
Prince Ribbit closely misses you.
Prince Ribbit is engulfed in noxious fumes.
Prince Ribbit appears confused.
Prince Ribbit closely misses himself.
Casting: Olgreb's Toxic Radiance (quite dangerous; 19% risk of failure)
Confirm with . or Enter, or press ? or * to list all spells.
Okay, then.
Fire: c) +2 sling (elec)
Press: ? - help, Q - select action, (/) - cycle Shift-Dir - straight line, f/p - Prince Ribbit
Aim: Prince Ribbit (noxious fumes, confused, 65% to hit)
You shoot a sling bullet. The sling bullet hits Prince Ribbit.
Prince Ribbit is lightly wounded.
You feel very sick.
Prince Ribbit is engulfed in noxious fumes.
Prince Ribbit appears confused.
Prince Ribbit hits you.
Fire: c) +2 sling (elec)
Press: ? - help, Q - select action, (/) - cycle Shift-Dir - straight line, f/p - Prince Ribbit
Aim: Prince Ribbit (lightly wounded, confused, 65% to hit)
You shoot a sling bullet. The sling bullet hits Prince Ribbit.
Prince Ribbit is moderately wounded.
You feel sick.
Fire: c) +2 sling (elec)
Press: ? - help, Q - select action, (/) - cycle Shift-Dir - straight line, f/p - Prince Ribbit
Aim: Prince Ribbit (moderately wounded, confused, 65% to hit)
You shoot a sling bullet. The sling bullet hits Prince Ribbit.
Prince Ribbit is moderately wounded.
You feel sick. Prince Ribbit hits you!
* * * LOW HITPOINT WARNING * * *
Prince Ribbit hits you!
You die...

#.## #..#
#######.####### ##
..............#
#F##########<.....#
#...#######÷)....#
#....#.....#..####
#.....#.......)#######
#..c.#F@[..<.....)..#
#...#○###.......)..#
#.## #..........#
#...## #..........#
#..) #..........# #...
#..........# #.#..
#.....>....# ..###.
...........# ... .#
##..........#


You could see Prince Ribbit (confused).

Vanquished Creatures
  Sigmund (D:2)
  A centaur (D:5)
  A scorpion (D:4)
  A hound (D:4)
  A gnoll bouda (D:5)
  Jessica (D:2)
  Ijyb (D:4)
  4 iguanas
  An orc wizard (D:3)
  5 adders
  2 gnolls (D:5)
  2 ribbon worms
  3 dart slugs
  3 orcs
  8 ball pythons
  6 bats
  7 endoplasms
  4 giant cockroaches
  8 goblins
  11 hobgoblins
  2 jackals (D:1)
  6 kobolds
  A quokka (D:2)
  2 frilled lizards
  7 rats
89 creatures vanquished.

Vanquished Creatures (collateral kills)
  A gnoll (D:5)
1 creature vanquished.

Grand Total: 90 creatures vanquished

Notes
Turn   | Place    | Note
-------+----------+-------------------------------------------
     0 | D:1      | Ofeo the Demonspawn Alchemist began the quest for the Orb.
     0 | D:1      | Reached XP level 1. HP: 13/13 MP: 3/3
   294 | D:1      | Gained mutation: You sometimes gain a little power by
                  | taking damage. [demonic ancestry]
   294 | D:1      | Reached XP level 2. HP: 19/19 MP: 1/5
   755 | D:1      | Found Liotroz's Jewellery Shop.
   909 | D:1      | Reached XP level 3. HP: 24/24 MP: 6/6
  1262 | D:2      | Learned a level 2 spell: Mercury Vapours
  1266 | D:2      | Learned a level 3 spell: Mephitic Cloud
  1352 | D:2      | Noticed Jessica
  1352 | D:2      | Noticed Sigmund
  1380 | D:2      | Killed Jessica
  1381 | D:2      | Gained mutation: You are surrounded by a mild repulsion
                  | field. (EV +2) [demonic ancestry]
  1381 | D:2      | Reached XP level 4. HP: 7/30 MP: 1/7
  1391 | D:2      | HP: 1/30 [constriction (1)]
  1533 | D:2      | Killed Sigmund
  1534 | D:2      | Reached skill level 4 in Alchemy
  1534 | D:2      | Gained mutation: You have large cloven feet. [demonic
                  | ancestry]
  1534 | D:2      | Reached XP level 5. HP: 35/35 MP: 4/9
  1702 | D:2      | Identified the orb "Tiadywk" {mayhem, rC- Str+3 Hexes Ice}
  2139 | D:2      | Gained mutation: You may rarely emit foul miasma when
                  | damaged in melee. [demonic ancestry]
  2139 | D:2      | Reached XP level 6. HP: 37/41 MP: 10/10
  3229 | D:3      | HP: 1/41 [something/magic dart (7)]
  3614 | D:4      | Learned a level 4 spell: Olgreb's Toxic Radiance
  3639 | D:4      | Found a radiant altar of Vehumet.
  3989 | D:4      | Found a hide-covered altar of Uskayaw.
  4115 | D:4      | Got the Dissertation on the Scorpion
  4180 | D:4      | Found a broken altar of Ashenzari.
  4455 | D:4      | Found an iron altar of Okawaru.
  4460 | D:4      | Noticed Ijyb
  4485 | D:4      | Killed Ijyb
  4494 | D:4      | Gained mutation: You sometimes gain power by taking damage.
                  | [demonic ancestry]
  4494 | D:4      | Reached XP level 7. HP: 46/46 MP: 12/12
  4691 | D:4      | Became a worshipper of Uskayaw the Reveller
  4711 | D:5      | Entered Level 5 of the Dungeon
  4716 | D:5      | Reached * piety under Uskayaw
  4719 | D:5      | Reached ** piety under Uskayaw
  4947 | D:5      | Noticed Prince Ribbit
  4953 | D:5      | Reached skill level 5 in Alchemy
  4957 | D:5      | Demolished by Prince Ribbit

Illustrated notes

Levels and vault maps discovered:
D:1:      spicycebolla_arrival_xxxplode, layout_loops_ring, serial_shops,
          nicolae_shop_tiny_waterfront, minmay_tall_x
D:2:      layout_basic, uniq_sigmund, uniq_jessica
D:3:      layout_basic
D:4:      layout_loops_corners, lemuel_crystal_altar, okawaru_gym_becter,
          mainiacjoe_overflow_cross_hatched, vehumet_altar_wand_db,
          nicolae_figureground_sparkle, uniq_ijyb
D:5:      nicolae_BIG_FREAKIN_CUBE, layout_rooms, xom_redecorated,
          uniq_prince_ribbit1

Skill      XL: |  1  2  3  4  5  6  7 |
---------------+----------------------+-----
Stealth        | 2 3 |  3.3
Dodging        | 2 3 |  3.0
Spellcasting   | 3 4 |  4.1
Conjurations   | 2 3 4 |  4.1
Alchemy        | 4 5 |  5.0

Action                     |  1- 3 |  4- 6 |  7- 9 || total
---------------------------+-------+-------+-------++-------
  Melee: Unarmed           |    23 |       |       ||    23
   Fire: Sling             |    55 |   143 |    23 ||   221
   Cast: Sting             |    20 |       |       ||    20
         Mephitic Cloud    |     1 |     1 |     1 ||     3
         Mercury Vapours   |     1 |     1 |       ||     2
         Olgreb's Toxic Ra |       |       |     1 ||     1
    Use: Potion            |     1 |     2 |       ||     3
         Scroll            |     1 |     2 |       ||     3
 Armour: Robe              |    39 |    57 |     9 ||   105
  Dodge: Dodged            |    41 |    80 |    11 ||   132
